 Dungeon Crawl Stone Soup version 0.28-a0-906-g0406aca7d3 (webtiles) character file.

Game seed: 18293515590204393961

113 lessens the Insei (level 4, -1/31 HPs)
             Began as an Octopode Monk on Nov 23, 2021.
             Slain by a ball python (2 damage)
             ... on level 3 of the Dungeon.
             The game lasted 00:02:50 (2518 turns).

lessens the Insei (Octopode Monk)                   Turns: 2518, Time: 00:02:50

Health: -1/31      AC:  1    Str: 10 (11) XL:     4   Next: 96%
Magic:  4/4        EV: 13    Int:  9 (12) God:
Gold:   22         SH:  0    Dex: 13 (14) Spells: 3/3 levels left

rFire   . . .      SeeInvis .     - Unarmed
rCold   . . .      Faith    .   (no shield)
rNeg    . . .      Spirit   .   (helmet restricted)
rPois   .          Reflect  .   (no amulet)
rElec   .          Harm     .   (no ring)
rCorr   .          Rampage  .   (no ring)
Will    .....                   (no ring)
Stlth   +++.......              (no ring)
HPRegen 0.10/turn               (no ring)
MPRegen 0.09/turn               (no ring)
                                (no ring)
                                (no ring)

@: no status effects
A: almost no armour, amphibious, 8 rings, camouflage 1, gelatinous body 1,
(nimble swimmer 1), tentacles
a: no special abilities


You were on level 3 of the Dungeon.
You visited 1 branch of the dungeon, and saw 3 of its levels.

You collected 64 gold pieces.
You spent 42 gold pieces at shops.

Inventory:

Missiles
 a - 118 stones (quivered)
Scrolls
 b - 2 scrolls of teleportation {unknown}
 c - a scroll of amnesia {unknown}
 d - 4 scrolls of identify {unknown}
 e - a scroll of magic mapping {unknown}
 f - a scroll of blinking {unknown}
 g - a scroll of fear
Potions
 h - a potion of degeneration


   Skills:
 - Level 3.0 Fighting
 - Level 3.0 Dodging
 - Level 2.6 Stealth
 + Level 5.5 Unarmed Combat


You had 3 spell levels left.
You didn't know any spells.
Your spell library contained the following spells:

 Spells                   Type           Power      Damage    Failure   Level
 Sting                    Tmut/Pois      0%         1d3       38%         1
 Poisonous Vapours        Pois/Air       0%         N/A       52%         2
 Olgreb's Toxic Radiance  Pois           0%         N/A       99%         4


Dungeon Overview and Level Annotations

Branches:
Dungeon (3/15)

Altars:

Shops:
D:2 =   D:3 *


Innate Abilities, Weirdness & Mutations

You cannot wear most types of armour.
You are amphibious.
You can wear up to eight rings at the same time.
Your skin changes colour to match your surroundings (Stealth+).
Your rubbery body absorbs attacks. (AC +1, EV +1)
((You are camouflaged near water. (Stealth+)))
You have tentacles for arms and can constrict up to eight enemies at once.


Message History

Deactivating autopickup; reactivate with Ctrl-A.
No target in view!
A ball python comes into view.
An orc comes into view. It is wielding a +0 flail.
Something hits you.
A kobold comes into view. It is wielding a +0 short sword.
There is a stone staircase leading down here.
The ball python hisses angrily.
You bludgeon something! You barely miss something.
An orc comes into view.
It is wielding a +0 trident and carrying a wand of iceblast (11).
You hear some strange, mumbled words.
Something tries to affect you, but you resist.
You miss something.
You hear some strange, mumbled words.
You are confused.
Something hits you.
It was a potion of degeneration.
There was something very wrong with that liquid.
You feel weakened.
You feel dopey.
You feel clumsy. Something hits you.
You feel less confused.
A kobold comes into view. It is wielding a +0 dagger.
The kobold shouts!
You tentacle-slap something. x2; The ball python barely misses you.
The ball python grabs you. The ball python constricts you.
The ball python closely misses you. The ball python constricts you.
The ball python's grasp on you weakens, but your attempt to escape fails.
The ball python closely misses you. The ball python constricts you.
The kobold completely misses you. Something hits you.
You escape the ball python's grasp.
The orc zaps a wand.
The mass of ice explodes!
The iceblast engulfs you!
* * * LOW HITPOINT WARNING * * *
You hear a shout! x2
You hear some strange, mumbled words.
A puff of flame appears from out of thin air!
The puff of flame hits you!
* * * LOW HITPOINT WARNING * * *
The ball python bites you.
You die...

# #. #..†....# #. #.......#
### ### #.# #.......# ..
...###.# ##.....## .# .#
#..#..## #..∩....###.# ..#
##.....###.......##..#
...##.....!?##..........####
..........>K.##............#
#..........S@.....##.######
..........o.####.....#
#.##..o††...###.#####
#......#..#..#
#.....K.#.#(.#
#............###
#..............#
##>....#.#####.# #..........
...


You could see 2 orcs, a ball python and 2 kobolds.

Vanquished Creatures
  4 adders
  A worm (D:2)
  A dart slug (D:1)
  5 bats
  10 endoplasms
  5 giant cockroaches
  5 hobgoblins
  10 jackals
  2 quokkas
  3 frilled lizards
  5 goblins (D:1)
  5 kobolds
  7 rats
63 creatures vanquished.

Notes
Turn   | Place    | Note
-------+----------+-------------------------------------------
     0 | D:1      | lessens the Octopode Monk began the quest for the Orb.
     0 | D:1      | Reached XP level 1. HP: 16/16 MP: 1/1
    72 | D:1      | Reached XP level 2. HP: 2/21 MP: 2/2
    72 | D:1      | HP: 1/21 [frozen (1)]
   517 | D:1      | Reached skill level 4 in Unarmed Combat
   570 | D:1      | Reached XP level 3. HP: 26/26 MP: 3/3
  1492 | D:2      | Reached XP level 4. HP: 31/31 MP: 4/4
  1513 | D:2      | Found a faded altar of an unknown god.
  1533 | D:2      | Found Kiemuyhi's Jewellery Shop.
  1607 | D:2      | Reached skill level 5 in Unarmed Combat
  2369 | D:3      | Found Adaraorch's General Store.
  2397 | D:3      | Bought a scroll of fear for 42 gold pieces
  2515 | D:3      | HP: 1/31 [something/puff of flame (7)]
  2518 | D:3      | Slain by a ball python

Illustrated notes

Levels and vault maps discovered:
D:1:      elethiomel_arrival_shortcut, layout_loops_cross
D:2:      layout_loops_ring, serial_shops, nicolae_shop_advertising_works
          [nicolae_subvault_shop_adworks],
          hellmonk_ecumenical_altar_pennies_from_heaven,
          wad_floor_pattern_untrapped, kennysheep_generic_room_2
D:3:      layout_rooms, serial_shops, shop, minmay_misc_feat_square

Skill      XL: |  1  2  3  4 |
---------------+-------------+-----
Unarmed Combat | 4 5 |  5.5
Fighting       | |  3.0
Dodging        | |  3.0
Stealth        | |  2.6

Action                   |  1- 3 |  4- 6 || total
-------------------------+-------+-------++-------
Melee: Unarmed           |    71 |    55 ||   126
       Constrict         |    15 |     9 ||    24
       Punch             |     4 |     2 ||     6
       Tentacles         |     9 |     7 ||    16
  Use: Potion            |       |     1 ||     1
 Stab: Sleeping          |    15 |     6 ||    21
Armor: Skin              |     3 |     2 ||     5
Dodge: Dodged            |    34 |    27 ||    61

Table legend: (Time is in decaauts)
 A = Elapsed time spent in this place.
 B = Non-inter-level travel time spent in this place.
 C = Inter-level travel time spent in this place.
 D = Time resting spent in this place.
 E = Time spent auto-exploring this place.
 F = Levels seen in this place.
 G = Mean time per level.
                   A        B        C        D        E       F      G
               +--------+--------+--------+--------+--------+-----+--------+
         Total |   2506 |   2465 |     41 |    265 |   1771 |   3 |  835.3 |
       Dungeon |   2506 |   2465 |     41 |    265 |   1771 |   3 |  835.3 |
               +--------+--------+--------+--------+--------+-----+--------+

Top non-repeatable levels by time:
     D:2: 1187 daAuts
     D:1: 1172 daAuts
     D:3: 146 daAuts
